 Dungeon Crawl Stone Soup version 0.29-a0-993-g4a18f31a58 (webtiles) character file.

Game seed: 1329785418340823943

618 siradein the Fighter (level 7, -3/81 HPs)
             Began as an Ogre Berserker on Aug 2, 2022.
             Was a Believer of Trog.
             Slain by Prince Ribbit (8 damage)
             ... on level 5 of the Dungeon.
             The game lasted 00:20:41 (5473 turns).

siradein the Fighter (Ogre Berserker)               Turns: 5473, Time: 00:20:42

Health: -3/81      AC:  5    Str: 28    XL:     7   Next: 45%
Magic:  7/7        EV: 10    Int:  8    God:    Trog [**....]
Gold:   191        SH:  0    Dex: 10    Spells: 6/6 levels left

rFire   + . .      SeeInvis .   a - +0 mace
rCold   . . .      Faith    .   (no shield)
rNeg    + . .      Spirit   .   m - +2 robe {rN+}
rPois   .          Reflect  .   (helmet restricted)
rElec   .          Harm     .   (no cloak)
rCorr   .          Rampage  .   (gloves unavailable)
Will    .....                   (boots unavailable)
Stlth   +.........              (no amulet)
HPRegen 0.23/turn               d - ring of protection from fire
MPRegen 0.10/turn               y - +6 ring of strength

@: on berserk cooldown, slowed, very slow
A: large, unfitting armour, tough skin 1
a: Renounce Religion, Berserk, Trog's Hand


You were on level 5 of the Dungeon.
You worshipped Trog.
Trog was pleased with you.
You visited 1 branch of the dungeon, and saw 5 of its levels.

You collected 191 gold pieces.

Inventory:

Hand Weapons
 a - a +0 mace (weapon)
Missiles
 f - 36 stones (quivered)
Armour
 m - a +2 robe of positive energy (worn)
Jewellery
 d - a ring of protection from fire (left hand)
 n - a ring of resist corrosion
 y - a +6 ring of strength (right hand)
 B - a ring of protection from fire
Wands
 s - a wand of flame (17)
Scrolls
 b - a scroll of enchant weapon {unknown}
 e - 2 scrolls of silence {unknown}
 h - 4 scrolls of teleportation {unknown}
 i - a scroll of summoning {unknown}
 j - 2 scrolls of fog {unknown}
 l - 7 scrolls of identify {unknown}
 o - a scroll of immolation {unknown}
 p - 2 scrolls of fear {unknown}
 t - a scroll of noise {unknown}
 v - a scroll of poison {unknown}
 x - a scroll of amnesia {unknown}
 D - a scroll of brand weapon {unknown}
Potions
 c - 3 potions of heal wounds {unknown}
 g - 2 potions of degeneration {unknown}
 k - 2 potions of attraction {unknown}
 q - a potion of might {unknown}
 r - a potion of flight {unknown}
 u - a potion of experience {unknown}
 w - 2 potions of curing {unknown}
 z - a potion of invisibility {unknown}
 A - 2 potions of berserk rage {unknown}
 C - a potion of mutation {unknown}


   Skills:
 + Level 8.3 Fighting
 + Level 5.7 Maces & Flails
 - Level 2.6 Dodging


You had 6 spell levels left.
You didn't know any spells.
Your spell library was empty.

Dungeon Overview and Level Annotations

Branches:
Dungeon (5/15)             Temple (0/1) D:5

Altars:
Elyvilon
Kikubaaqudgha
Qazlal
Sif Muna
Trog
Vehumet
Yredelemnul

Shops:
D:2 (   D:4 !

Annotations:
D:3 2 transporters, 1 runed translucent door, Crazy Yiuf, Menkaure
D:5 Prince Ribbit


Innate Abilities, Weirdness & Mutations

You are too large for most types of armour.
You have tough skin. (AC +1)


Message History

Trog accepts your kill.
Things that are here:
a +0 club; a +0 chain mail; an orc corpse You feel a strong urge to attack something.
You see here a +0 rapier.
You miss Prince Ribbit.
Prince Ribbit is almost dead.
Prince Ribbit hops awkwardly around.
Prince Ribbit blinks!
Prince Ribbit blinks!
You feel a strong urge to attack something.
You are no longer berserk.
You are exhausted.
You feel yourself slow down.
You completely miss Prince Ribbit.
Prince Ribbit is almost dead.
Prince Ribbit blinks!
Prince Ribbit blinks!
Prince Ribbit blinks!
Prince Ribbit croaks regally.
Prince Ribbit blinks!
Prince Ribbit catches a centipede with his tongue.
You hit Prince Ribbit.
Prince Ribbit is almost dead.
Prince Ribbit croaks regally.
Prince Ribbit hits you! Prince Ribbit misses you.
You barely miss Prince Ribbit.
Prince Ribbit is almost dead.
Prince Ribbit hits you!
* * * LOW HITPOINT WARNING * * *
Prince Ribbit blinks!
Prince Ribbit blinks!
You start resting.
Prince Ribbit is nearby!
Prince Ribbit blinks!
Prince Ribbit hits you!
* * * LOW HITPOINT WARNING * * *
You hit Prince Ribbit. Your punch misses Prince Ribbit.
Prince Ribbit is almost dead.
Prince Ribbit closely misses you. Prince Ribbit hits you!
You die...

#.## . #.###.# #.##
##.# #..#..#
#..#####..#
#....####.#
##.......#
##).....§..#
##....###
##).........#
####....##
##.§........##
#......##
##..#####....#
#..####..######..##
##..# #.
##.......@F# #..# #
###.###$.## #.. ###
#### ##


You could see Prince Ribbit.

Vanquished Creatures
  A black bear (D:4)
  A phantom (D:4)
  2 scorpions (D:5)
  4 hounds
  Jessica (D:2)
  An iguana (D:4)
  Robin (D:4)
  4 gnolls (D:3)
  3 adders
  An ufetubus (D:4)
  3 worms
  2 dart slugs
  2 orcs (D:5)
  5 bats
  3 endoplasms
  3 giant cockroaches (D:2)
  14 goblins
  4 hobgoblins
  5 jackals
  3 quokkas
  6 ball pythons
  3 frilled lizards
  10 kobolds
  3 rats
85 creatures vanquished.

Notes
Turn   | Place    | Note
-------+----------+-------------------------------------------
     0 | D:1      | siradein the Ogre Berserker began the quest for the Orb.
     0 | D:1      | Reached XP level 1. HP: 24/24 MP: 1/1
   240 | D:1      | Reached XP level 2. HP: 24/33 MP: 2/2
   585 | D:1      | Found a faded altar of an unknown god.
   833 | D:2      | Noticed Jessica
   849 | D:2      | Killed Jessica
   850 | D:2      | Reached skill level 5 in Fighting
   850 | D:2      | Reached XP level 3. HP: 13/42 MP: 3/3
  1116 | D:2      | Reached ** piety under Trog
  1172 | D:2      | Found Moaruzxo's Antique Weapon Boutique.
  1189 | D:2      | Reached XP level 4. HP: 50/50 MP: 4/4
  1849 | D:3      | Noticed Menkaure
  1849 | D:3      | Found a basalt altar of Yredelemnul.
  1896 | D:3      | Found a transporter.
  1919 | D:3      | Found a transporter.
  1920 | D:3      | Found an ancient bone altar of Kikubaaqudgha.
  2225 | D:3      | Found a shimmering blue altar of Sif Muna.
  2307 | D:3      | Found a stormy altar of Qazlal.
  2425 | D:3      | Found a bloodstained altar of Trog.
  2444 | D:3      | Reached XP level 5. HP: 59/59 MP: 5/5
  2490 | D:3      | Reached skill level 6 in Fighting
  2829 | D:3      | Found a runed translucent door.
  2830 | D:3      | Noticed Crazy Yiuf
  2990 | D:4      | Found a radiant altar of Vehumet.
  2990 | D:4      | Found a white marble altar of Elyvilon.
  3177 | D:4      | Noticed Robin
  3200 | D:4      | Killed Robin
  3599 | D:4      | Found Vomev's Distillery.
  3739 | D:4      | Reached XP level 6. HP: 36/68 MP: 6/6
  4035 | D:4      | Noticed a black bear
  4041 | D:4      | Killed a black bear
  4042 | D:4      | Reached skill level 7 in Fighting
  4042 | D:4      | Reached skill level 5 in Maces & Flails
  4198 | D:4      | Reached XP level 7. HP: 60/79 MP: 7/7
  4683 | D:5      | Entered Level 5 of the Dungeon
  5083 | D:5      | Reached skill level 8 in Fighting
  5236 | D:5      | Found a staircase to the Ecumenical Temple.
  5433 | D:5      | Noticed Prince Ribbit
  5473 | D:5      | Slain by Prince Ribbit

Illustrated notes

Levels and vault maps discovered:
D:1:      spicycebolla_green_bress_n_ham, layout_rooms,
          dreamdust_ecumenical_altar_grove
D:2:      layout_rooms, serial_shops, nicolae_shop_statue_plus,
          kennysheep_generic_room_6, uniq_jessica
D:3:      layout_loops_corners, mainiacjoe_overflow_24_doors,
          lemuel_coloured_pillars_altar, gammafunk_temple_of_torment,
          bloody_trog, uniq_crazy_yiuf_cottage
D:4:      layout_basic, mainiacjoe_overflow_large_starburst, serial_shops,
          nicolae_square_shop, uniq_robin
D:5:      layout_layer_cave, temple_fountains, uniq_prince_ribbit1

Skill      XL: |  1  2  3  4  5  6  7 |
---------------+----------------------+-----
Maces & Flails | 3 4 5 |  5.7
Fighting       | 5 6 7 8 |  8.3
Dodging        | |  2.6

Action                   |  1- 3 |  4- 6 |  7- 9 || total
-------------------------+-------+-------+-------++-------
Melee: Mace              |    78 |   212 |    58 ||   348
       Punch             |     2 |     2 |       ||     4
Invok: Berserk           |     1 |     3 |     1 ||     5
Armor: Animal skin       |    22 |       |       ||    22
       Robe              |     5 |   105 |    19 ||   129
Dodge: Dodged            |    53 |   164 |    23 ||   240

Table legend: (Time is in decaauts)
 A = Elapsed time spent in this place.
 B = Non-inter-level travel time spent in this place.
 C = Inter-level travel time spent in this place.
 D = Time resting spent in this place.
 E = Time spent auto-exploring this place.
 F = Levels seen in this place.
 G = Mean time per level.
                   A        B        C        D        E       F      G
               +--------+--------+--------+--------+--------+-----+--------+
         Total |   5575 |   5455 |    120 |    128 |   4487 |   5 | 1115.0 |
       Dungeon |   5575 |   5455 |    120 |    128 |   4487 |   5 | 1115.0 |
               +--------+--------+--------+--------+--------+-----+--------+

Top non-repeatable levels by time:
     D:4: 1839 daAuts
     D:2: 1046 daAuts
     D:3: 1044 daAuts
     D:1: 844 daAuts
     D:5: 800 daAuts
